Map: Lightshade LE

Players

Reynor - Winner!

  • Race: Zerg Zerg

SortOf

  • Race: Zerg Zerg

Event: DreamHack SC2 Masters 2021 Fall

VOD

Have the link to the VOD?

Description

Time

  • Played on: Aug. 3, 2021, 11:21 a.m.
  • Length: 7:21

All games in this series

Show
View Real Time Build Order
Export as new Build Order

Reynor Zerg - Winner!

Build Orders: Pool First 

Get SALT Encoding   

  12  0:17  Spawning Pool  
  11  0:22  Drone  
  11  0:26  Drone  
  13  0:30  Drone  
  14  0:39  Overlord  
  14  1:04  Zergling x4  
  14  1:05  Zergling x2  
  17  1:15  Zergling x2  
  18  1:19  Hatchery  
  17  1:26  Zergling x2  
  17  1:32  Queen  
  20  1:37  Zergling x2  
  21  1:48  Overlord  
  21  1:58  Drone  
  22  2:07  Queen  
  24  2:10  Drone  
  25  2:21  Drone  
  22  2:31  Drone x2  
  22  2:32  Queen  
  25  2:40  Drone x2  
  25  2:41  Drone  
  25  2:43  Zergling x2  
  28  2:48  Drone  
  29  2:57  Drone  
  32  2:58  Drone  
  32  3:03  Overlord  
  33  3:06  Drone  
  34  3:13  Drone x2  
  34  3:19  Extractor, Drone x3  
  36  3:20  Extractor, Drone  
  36  3:22  Drone x2  
  38  3:27  Evolution Chamber  
  38  3:32  Drone x2  
  39  3:38  Drone, Roach Warren  
  39  3:42  Drone x2  
  39  3:44  Drone  
  39  3:45  Drone  
  43  3:49  Overlord  
  43  3:52  Drone  
  44  4:04  Lair  
  44  4:09  Drone x4  
  48  4:10  Drone  
  48  4:12  Extractor  
  48  4:13  Extractor  
  48  4:14  Overlord  
  48  4:15  Drone  
  47  4:19  Evolution Chamber  
  47  4:22  Evolution Chamber  
  47  4:23  Drone x2  
  47  4:24  Drone  
  49  4:28  Zerg Missile Weapons Level 1  
  49  4:31  Drone  
  49  4:32  Drone x2  
  49  4:38  Overlord  
  52  4:43  Roach x2  
  52  4:44  Roach  
  58  4:49  Roach  
  60  4:59  Roach x3  
  66  5:01  Overlord  
  66  5:02  Glial Reconstitution  
  66  5:14  Hatchery  
  65  5:16  Roach  
  67  5:22  Roach x3  
  67  5:26  Overlord  
  73  5:33  Roach  
  73  5:35  Overlord  
  75  5:42  Overlord  
  75  5:46  Roach  
  75  5:47  Roach x3  
  83  5:52  Overlord  
  83  5:55  Roach x3  
  91  5:57  Roach  
  91  6:03  Roach  
  93  6:07  Ravager  
  93  6:08  Ravager, Roach x2  
  93  6:10  Overlord  
  99  6:12  Roach  
  99  6:15  Ravager  
  99  6:16  Roach  
  99  6:17  Roach  
  106  6:20  Roach  
  106  6:23  Overlord  
  108  6:36  Roach x5  
  110  6:40  Overlord  
  110  6:44  Roach x2  
  114  6:53  Roach x4  
  114  6:58  Roach x2  
  112  7:13  Ravager  
Show
View Real Time Build Order
Export as new Build Order

SortOf Zerg 

Build Orders: Hatch First 

Get SALT Encoding   

  12  0:00  Drone  
  13  0:12  Overlord  
  13  0:18  Drone  
  14  0:30  Drone x2  
  16  0:47  Hatchery  
  15  0:51  Drone  
  15  0:54  Drone  
  17  0:57  Drone  
  18  1:09  Extractor  
  17  1:13  Spawning Pool  
  17  1:16  Drone  
  17  1:19  Drone  
  18  1:28  Drone  
  19  2:00  Zergling x6, Queen x2  
  26  2:01  Zergling x2  
  27  2:11  Zergling x2  
  24  2:27  Drone x2  
  24  2:28  Drone  
  25  2:35  Drone  
  26  2:42  Drone  
  26  2:47  Overlord  
  26  2:51  Drone  
  27  2:55  Metabolic Boost  
  27  3:06  Drone x3  
  27  3:12  Drone x2  
  31  3:18  Drone x2  
  33  3:24  Baneling Nest  
  33  3:25  Drone  
  33  3:30  Overlord  
  33  3:33  Drone  
  34  3:36  Drone  
  35  3:50  Zergling x4  
  35  3:54  Hatchery  
  35  3:55  Drone  
  37  3:58  Drone  
  37  4:00  Drone  
  37  4:02  Drone x2  
  41  4:05  Drone  
  42  4:10  Overlord  
  42  4:17  Drone x2  
  42  4:22  Evolution Chamber, Overlord  
  43  4:24  Zergling x2  
  43  4:28  Roach Warren  
  43  4:32  Drone x2  
  43  4:35  Drone  
  43  4:36  Extractor  
  43  4:38  Drone x2  
  47  4:46  Drone  
  47  4:49  Zerg Ground Armor Level 1  
  47  4:50  Drone x2  
  50  4:53  Queen  
  52  5:00  Drone x4  
  56  5:08  Overlord  
  56  5:10  Roach x2  
  56  5:13  Roach x2  
  63  5:17  Extractor, Overlord  
  63  5:20  Roach  
  64  5:24  Overlord  
  63  5:30  Roach x3  
  63  5:33  Roach  
  70  5:37  Roach x2  
  70  5:41  Overlord  
  74  5:45  Roach x2  
  74  5:46  Overlord  
  74  5:47  Roach  
  79  5:50  Roach  
  79  5:54  Zergling x6  
  79  5:55  Zergling x2  
  85  5:59  Zergling x2  
  85  6:02  Zergling x6  
  89  6:06  Extractor  
  89  6:09  Zergling x8  
  92  6:13  Overlord  
  92  6:16  Ravager x2  
  95  6:18  Ravager  
  95  6:22  Zergling x2  
  95  6:23  Zergling x6  
  99  6:28  Zergling x6  
  99  6:31  Overlord  
  99  6:35  Zergling x4  
  99  6:36  Zergling x2  
  99  6:39  Roach  
  99  6:43  Zergling x6  
  99  6:44  Ravager x2  
  99  6:50  Roach x2  
  89  6:56  Roach x3  
  89  6:58  Zergling x4  
  89  7:01  Zergling x2  

Tags
 
Add a new tag
Caveats
  • Supply blocks, unpowered buildings, or Contaminate may cause inaccurate times.
  • Supply counts are checked every 10 seconds.